cohdb
Replays
Latest Replays
All Replays
Popular Replays
Top Player Replays
Match Explorer
How It Works
Community
CoH3 Stats
Reddit
Sign in to upload your games and track your stats! →
Sign in with Steam
Match 24450259
Unlisted
Match 24450259
Overview
Messages
Build Orders
End
Panzergrenadier Squad
Panzergrenadier Squad
Selects Armored Support Battlegroup
Panzergrenadier Squad
Construct Light Support Kompanie
Fire Support Elements
2.5-tonne Medical Truck
Pak 38 Anti-tank Gun Team
Selects Superior Fire Drills
Pak 38 Anti-tank Gun Team
Construct Mechanized Kompanie
8 Rad Armored Car
Selects Salvage Kits
le.IG 18 Mechanized Group
8 Rad Armored Car
Vehicle Survival Package
Selects Panzer Storm
Tungsten Core Ammunition
Construct Panzerarmee Kommand
Armored Reserves
Panzer IV Assault Group
Emergency Repair Kits
Advanced Optics
Walking Stuka Rocket Launcher
Selects Stuka Anti-tank Loiter
iceman
rex2050
BivZza
wantsomebullet
Sakabato
Bärserker(ger)
JonessiPL
beomark
0
0
Comments
sign in to comment!
No comments posted yet!